Condors vs Royaux
Created - February 27, 2021 at 19:10
Goals
|
| Condors |
2 |
0 |
1 |
3 |
| Royaux |
2 |
2 |
0 |
4 |
|
Shots
|
| Condors |
11 |
7 |
15 |
33 |
| Royaux |
15 |
11 |
9 |
35 |
|
1st period
1. Condors , Nail Yakupov 43 (Frederik Gauthier 34) at 8:48
2. Royaux , Brandon Pirri 32 (Dylan Larkin 44, Pavel Buchnevich 1) at 9:54
3. Condors , Nail Yakupov 44 (Frederik Gauthier 35, Alex Tuch 25) at 10:28
4. Royaux , Dylan Larkin 37 (Travis Sanheim 19, Phil Oreskovic 15) at 17:08 (PP)
Penalties :
Brett Lernout (Bak) for Tripping (Minor) at 5:35, Kasperi Kapanen (Bak) for Tripping (Minor) at 12:03, Tyler Bozak (Bak) for Hooking (Minor) at 17:01, Andrew Mangiapane (Bak) for Holding (Minor) at 18:10
2nd period
5. Royaux , Dylan Larkin 38 (Pavel Buchnevich 2, Marcus Pettersson 30) at 2:33
6. Royaux , Brandon Pirri 33 (Dylan Larkin 45, Pavel Buchnevich 3) at 18:26
Penalties :
Brandon Pirri (Cap) for Hooking (Minor) at 9:21, Kasperi Kapanen (Bak) for Tripping (Minor) at 14:22
3rd period
7. Condors , Nail Yakupov 45 (Frederik Gauthier 36, Alex Tuch 26) at 11:14
Penalties :
Nail Yakupov (Bak) for Tripping (Minor) at 7:35
Goalie Stats
Ilya Samsonov (Bak), 31 saves from 35 shots - (0.886), L, 6-12-1, 58:50 minutes
Olivier Roy (Cap), 30 saves from 33 shots - (0.909), W, 16-9-3, 60:00 minutes
Players Stats for Condors
Player Name G A P +/- PIM S H SB GA TA FO MP PP MP PK MP
------------------------------------------------------------------------------------
Alex Tuch 0 2 2 1 0 1 2 0 0 0 0/0 13:49 1:36 0:00
Andrew Mangiapane 0 0 0 0 2 0 0 0 1 0 0/1 13:41 0:00 1:31
Anton Slepyshev 0 0 0 -1 0 4 0 1 1 1 1/1 17:14 0:23 0:37
Brett Lernout 0 0 0 0 2 1 1 1 0 1 0/0 14:00 0:00 0:00
C.J Suess 0 0 0 0 0 1 0 1 0 0 0/0 7:06 0:00 0:00
Carl Gunnarsson 0 0 0 1 0 2 1 0 0 0 0/0 24:28 0:28 3:54
Chris Bigras 0 0 0 -1 0 1 1 1 0 0 0/0 19:10 1:31 3:54
Daniel Zaar 0 0 0 0 0 2 0 1 1 0 1/2 13:46 0:00 2:33
Eric Gustafsson 0 0 0 1 0 1 1 1 0 0 0/0 27:25 1:31 6:08
Erik Cernak 0 0 0 1 0 0 0 0 0 1 0/0 5:36 0:00 0:00
Frederik Gauthier 0 3 3 1 0 2 2 0 1 1 10/13 15:29 0:23 2:40
Gustav Olofsson 0 0 0 -1 0 1 0 1 0 1 0/0 9:13 0:00 0:00
Kasperi Kapanen 0 0 0 -1 4 0 2 1 1 0 3/3 16:36 0:23 0:00
Louis Leblanc 0 0 0 0 0 0 0 0 0 0 2/4 7:26 0:00 0:00
Mark Jankowski 0 0 0 0 0 3 3 0 0 0 4/7 15:27 0:00 3:18
Mikko Lehtonen 0 0 0 0 0 4 0 1 0 0 0/0 7:06 0:00 0:00
Nail Yakupov 3 0 3 1 2 9 3 0 1 0 2/3 19:44 1:36 4:27
Tyler Bozak 0 0 0 -1 2 0 2 1 0 1 12/31 22:26 1:36 4:58
Zac Leslie 0 0 0 -1 0 1 1 3 0 0 0/0 20:10 0:28 6:08
Players Stats for Royaux
Player Name G A P +/- PIM S H SB GA TA FO MP PP MP PK MP
------------------------------------------------------------------------------------
Ben Hanowski 0 0 0 -1 0 2 2 0 1 1 0/0 17:34 3:53 0:25
Brandon Pirri 2 0 2 1 2 4 2 1 0 0 0/1 19:14 4:20 0:00
Brendan Woods 0 0 0 0 0 2 0 3 0 0 0/0 10:14 0:00 0:58
Danny Kristo 0 0 0 0 0 5 0 0 0 0 1/1 13:23 0:40 0:57
Dylan Larkin 2 2 4 1 0 4 1 0 2 0 15/34 20:22 5:41 0:00
Jordie Benn 0 0 0 -1 0 0 2 0 1 1 0/0 24:46 6:02 1:07
Marcus Pettersson 0 1 1 -1 0 1 0 2 0 1 0/0 24:02 6:02 0:10
Mathew Barzal 0 0 0 -1 0 0 1 1 0 0 4/8 17:09 3:53 0:00
Mathieu Joseph 0 0 0 0 0 1 2 0 0 0 0/0 8:22 0:01 0:00
Pavel Buchnevich 0 3 3 1 0 1 1 0 1 0 2/2 20:22 5:41 0:00
Phil Oreskovic 0 1 1 0 0 1 1 0 0 1 0/0 18:17 4:00 0:42
Rourke Chartier 0 0 0 0 0 0 3 0 0 0 1/3 8:03 0:00 0:00
Ryan Pulock 0 0 0 0 0 0 0 1 0 1 0/0 13:19 0:00 0:42
Simon Despres 0 0 0 1 0 3 0 3 0 0 0/0 18:54 0:00 1:07
Sonny Milano 0 0 0 0 0 3 0 1 0 1 2/3 11:48 0:59 0:16
Travis Sanheim 0 1 1 1 0 2 0 1 0 0 0/0 20:42 4:00 0:10
Tye McGinn 0 0 0 -1 0 3 3 1 0 0 3/5 20:24 4:58 0:45
Vladislav Namestnikov 0 0 0 0 0 3 2 0 1 0 2/8 11:05 0:00 0:37
3 Stars
1 - Dylan Larkin (Cap)
2 - Nail Yakupov (Bak)
3 - Brandon Pirri (Cap)
Power Play
Condors - 0 on 1 Attempt(s) - 0.00%
Royaux - 1 on 6 Attempt(s) - 16.67%
Penalty Kill
Condors - 5 on 6 Attempt(s) - 83.33%
- Score 0 goal in Penalty Kill
Royaux - 1 on 1 Attempt(s) - 100.00%
- Score 0 goal in Penalty Kill
Team Stat
Condors - Hits : 19 - Faceoff Wins : 35 - Blocked Shots : 13 - Penalty Minutes : 12
Royaux - Hits : 20 - Faceoff Wins : 30 - Blocked Shots : 14 - Penalty Minutes : 2
Official
Referees : Unknown
Linesman : Unknown
Game Notes
Nail Yakupov has scored a Hat Trick!
Finance
Level 1 -- Attendance: 1605 (80.25%) -- Ticket Income $56,175
Level 2 -- Attendance: 622 (62.20%) -- Ticket Income $12,440
Total Attendance: 2227 (74.23%)
Total Ticket Income: $68,615
Other Income: $3,431
Total Income: $72,046
Condors
5 vs 5 Forward
Center Left Wing Right Wing Time % Phy DF OF
1 Tyler Bozak Anton Slepyshev Kasperi Kapanen 40 1 2 2
2 Frederik Gauthier Alex Tuch Nail Yakupov 30 1 2 2
3 Mark Jankowski Andrew Mangiapane Daniel Zaar 20 1 2 2
4 Louis Leblanc C.J Suess Mikko Lehtonen 10 1 2 2
5 vs 5 Defense
Defense Defense Time % Phy DF OF
1 Carl Gunnarsson Eric Gustafsson 40 1 2 2
2 Zac Leslie Chris Bigras 30 1 2 2
3 Gustav Olofsson Brett Lernout 20 1 2 2
4 Brett Lernout Erik Cernak 10 1 2 2
PowerPlay Forward
Center Left Wing Right Wing Time % Phy DF OF
1 Tyler Bozak Alex Tuch Nail Yakupov 60 1 2 2
2 Frederik Gauthier Anton Slepyshev Kasperi Kapanen 40 1 2 2
PowerPlay Defense
Defense Defense Time % Phy DF OF
1 Carl Gunnarsson Zac Leslie 60 1 2 2
2 Chris Bigras Eric Gustafsson 40 1 2 2
Penalty Kill 4 Players Forward
Center Wing Time % Phy DF OF
1 Tyler Bozak Nail Yakupov 60 1 2 2
2 Frederik Gauthier Mark Jankowski 40 1 2 2
Penalty Kill 4 Players Defense
Defense Defense Time % Phy DF OF
1 Zac Leslie Eric Gustafsson 60 1 2 2
2 Carl Gunnarsson Chris Bigras 40 1 2 2
Penalty Kill - 3 Players Forward
Forward Time % Phy DF OF
1 Tyler Bozak 60 1 2 2
2 Nail Yakupov 40 1 2 2
Penalty Kill - 3 Players Defense
Defense Defense Time % Phy DF OF
1 Carl Gunnarsson Eric Gustafsson 60 1 2 2
2 Zac Leslie Chris Bigras 40 1 2 2
4 vs 4 Forward
Center Wing Time % Phy DF OF
1 Tyler Bozak Nail Yakupov 60 1 2 2
2 Frederik Gauthier Mark Jankowski 40 1 2 2
4 vs 4 Defense
Defense Defense Time % Phy DF OF
1 Carl Gunnarsson Eric Gustafsson 60 1 2 2
2 Zac Leslie Chris Bigras 40 1 2 2
Last Minutes Offensive
Center Left Wing Right Wing Defense Defense
Tyler Bozak Anton Slepyshev Nail Yakupov Carl Gunnarsson Eric Gustafsson
Last Minutes Defensive
Center Left Wing Right Wing Defense Defense
Tyler Bozak Anton Slepyshev Nail Yakupov Carl Gunnarsson Eric Gustafsson
Goaltenders
Starting : Ilya Samsonov
Backup : Mark Visentin
Extra Forwards
Normal : Louis Leblanc, Alex Tuch, Daniel Zaar - PP : Louis Leblanc, Alex Tuch - PK : Daniel Zaar
Extra Defensemen
Normal : Erik Cernak, Brett Lernout, Gustav Olofsson - PP : Erik Cernak - PK : Brett Lernout, Gustav Olofsson
Penalty Shots
Tyler Bozak, Nail Yakupov, Frederik Gauthier, Mark Jankowski, Anton Slepyshev
Scratches
Emil Djuse (Healthy), Olli Maatta (Torso Injury), Caleb Jones (Healthy), Nick Merkley (Healthy), Christian Thomas (Healthy)
Cole Cassels (Healthy), Jordan Subban (Healthy), Jeremy Gregoire (Healthy), Connor Hurley (Healthy), Remi Elie (Healthy)
Adam Erne (Healthy), Brett Ritchie (Healthy), Anders Bjork (Healthy), Hunter Smith (Healthy), Jack Campbell (Healthy)
Royaux
5 vs 5 Forward
Center Left Wing Right Wing Time % Phy DF OF
1 Dylan Larkin Brandon Pirri Pavel Buchnevich 40 0 2 3
2 Mathew Barzal Tye McGinn Ben Hanowski 30 0 2 3
3 Vladislav Namestnikov Sonny Milano Danny Kristo 20 0 2 3
4 Rourke Chartier Brendan Woods Mathieu Joseph 10 0 3 2
5 vs 5 Defense
Defense Defense Time % Phy DF OF
1 Travis Sanheim Simon Despres 35 0 3 2
2 Marcus Pettersson Jordie Benn 35 0 3 2
3 Ryan Pulock Phil Oreskovic 15 0 3 2
4 Ryan Pulock Phil Oreskovic 15 0 3 2
PowerPlay Forward
Center Left Wing Right Wing Time % Phy DF OF
1 Dylan Larkin Tye McGinn Pavel Buchnevich 60 0 1 4
2 Mathew Barzal Brandon Pirri Ben Hanowski 40 0 1 4
PowerPlay Defense
Defense Defense Time % Phy DF OF
1 Jordie Benn Marcus Pettersson 60 0 2 3
2 Phil Oreskovic Travis Sanheim 40 0 2 3
Penalty Kill 4 Players Forward
Center Wing Time % Phy DF OF
1 Danny Kristo Brendan Woods 60 0 4 1
2 Ben Hanowski Tye McGinn 40 0 4 1
Penalty Kill 4 Players Defense
Defense Defense Time % Phy DF OF
1 Jordie Benn Simon Despres 60 1 2 2
2 Phil Oreskovic Ryan Pulock 40 1 2 2
Penalty Kill - 3 Players Forward
Forward Time % Phy DF OF
1 Brendan Woods 60 0 4 1
2 Danny Kristo 40 0 4 1
Penalty Kill - 3 Players Defense
Defense Defense Time % Phy DF OF
1 Jordie Benn Simon Despres 60 1 2 2
2 Phil Oreskovic Ryan Pulock 40 1 2 2
4 vs 4 Forward
Center Wing Time % Phy DF OF
1 Dylan Larkin Tye McGinn 60 0 2 3
2 Ben Hanowski Brandon Pirri 40 0 2 3
4 vs 4 Defense
Defense Defense Time % Phy DF OF
1 Travis Sanheim Simon Despres 60 0 3 2
2 Jordie Benn Marcus Pettersson 40 0 3 2
Last Minutes Offensive
Center Left Wing Right Wing Defense Defense
Dylan Larkin Tye McGinn Pavel Buchnevich Marcus Pettersson Travis Sanheim
Last Minutes Defensive
Center Left Wing Right Wing Defense Defense
Tye McGinn Brendan Woods Danny Kristo Phil Oreskovic Simon Despres
Goaltenders
Starting : Olivier Roy
Backup : Igor Shesterkin
Extra Forwards
Normal : Dylan Larkin, Pavel Buchnevich, Danny Kristo - PP : Sonny Milano, Danny Kristo - PK : Brandon Pirri
Extra Defensemen
Normal : Travis Sanheim, Marcus Pettersson, Phil Oreskovic - PP : Simon Despres - PK : Marcus Pettersson, Travis Sanheim
Penalty Shots
Dylan Larkin, Brandon Pirri, Danny Kristo, Sonny Milano, Ben Hanowski
Scratches
Garrett Wilson (Healthy), Troy Terry (Healthy), Tanner Kero (Healthy), Greg McKegg (Healthy), Nikita Pavlychev (Healthy)
Konrad Abeltshauser (Healthy), Dylan DeMelo (Healthy), Tomas Hyka (Healthy), Ian McCoshen (Healthy), Michael Bunting (Healthy)
Ryan Mantha (Healthy), Jack Ramsey (Healthy), Marcus Hogberg (Healthy)
% Time on Ice - Condors
Lines # - Real PCT - Wanted PCT - Time Play
Normal Forward
1 - 35% - 40% - 16:35
2 - 26% - 30% - 12:26
3 - 23% - 20% - 10:56
4 - 15% - 10% - 7:06
Normal Defense
1 - 40% - 40% - 18:37
2 - 30% - 30% - 14:20
3 - 20% - 20% - 9:13
4 - 10% - 10% - 4:53
PP Forward
1 - 81% - 60% - 1:36
2 - 19% - 40% - 0:23
PP Defense
1 - 24% - 60% - 0:28
2 - 76% - 40% - 1:31
PK Forward
1 - 73% - 60% - 7:22
2 - 27% - 40% - 2:40
PK Defense
1 - 61% - 60% - 6:08
2 - 39% - 40% - 3:54
PK3 Forward
1 - 0% - 60%
2 - 0% - 40%
PK3 Defense
1 - 0% - 60%
2 - 0% - 40%
44 Forward
1 - 0% - 60%
2 - 0% - 40%
44 Defense
1 - 0% - 60%
2 - 0% - 40%
Last Minute Offensive - 0:56
Last Minute Defensive - 0:00
Total
Forward - 60:00
Defense - 60:00
|
% Time on Ice - Royaux
Lines # - Real PCT - Wanted PCT - Time Play
Normal Forward
1 - 33% - 40% - 15:12
2 - 28% - 30% - 13:16
3 - 22% - 20% - 10:15
4 - 17% - 10% - 8:03
Normal Defense
1 - 36% - 35% - 16:40
2 - 38% - 35% - 17:54
3 - 13% - 15% - 5:56
4 - 13% - 15% - 6:16
PP Forward
1 - 57% - 60% - 5:42
2 - 43% - 40% - 4:20
PP Defense
1 - 60% - 60% - 6:02
2 - 40% - 40% - 4:00
PK Forward
1 - 79% - 60% - 1:34
2 - 21% - 40% - 0:25
PK Defense
1 - 65% - 60% - 1:17
2 - 35% - 40% - 0:42
PK3 Forward
1 - 0% - 60%
2 - 0% - 40%
PK3 Defense
1 - 0% - 60%
2 - 0% - 40%
44 Forward
1 - 0% - 60%
2 - 0% - 40%
44 Defense
1 - 0% - 60%
2 - 0% - 40%
Last Minute Offensive - 0:00
Last Minute Defensive - 1:13
Total
Forward - 60:00
Defense - 60:00
|
Play-by-Play
1st period
0:01 of 1st period - Dylan Larkin wins face-off versus Tyler Bozak in neutral zone.
0:06 of 1st period - Snap shot by Dylan Larkin.
0:06 of 1st period - Stopped by Ilya Samsonov with a rebound.
0:08 of 1st period - Slapshot by Dylan Larkin.
0:08 of 1st period - Stopped by Ilya Samsonov without a rebound.
0:09 of 1st period - Dylan Larkin wins face-off versus Tyler Bozak in Condors zone.
1:36 of 1st period - Wrist shot by Brandon Pirri.
1:36 of 1st period - Stopped by Ilya Samsonov with a rebound.
1:38 of 1st period - Snap shot by Simon Despres.
1:38 of 1st period - Deflect By Eric Gustafsson.
1:38 of 1st period - Stopped by Ilya Samsonov without a rebound.
1:39 of 1st period - Mathew Barzal wins face-off versus Frederik Gauthier in Condors zone.
2:06 of 1st period - Danny Kristo is hit by Mark Jankowski and loses puck.
2:32 of 1st period - Slapshot by Mathieu Joseph.
2:32 of 1st period - Shot Hit the Post.
2:34 of 1st period - Snap shot by Brendan Woods.
2:34 of 1st period - Stopped by Ilya Samsonov with a rebound.
2:40 of 1st period - Mathieu Joseph is hit by Chris Bigras and loses puck.
3:14 of 1st period - Ben Hanowski is hit by Brett Lernout and loses puck.
3:27 of 1st period - Snap shot by Nail Yakupov.
3:27 of 1st period - Stopped by Olivier Roy with a rebound.
3:47 of 1st period - Wrist shot by Alex Tuch.
3:47 of 1st period - Shot Misses the Net.
3:49 of 1st period - Slapshot by Gustav Olofsson.
3:49 of 1st period - Stopped by Olivier Roy without a rebound.
3:50 of 1st period - Daniel Zaar wins face-off versus Vladislav Namestnikov in Royaux zone.
4:21 of 1st period - Snap shot by Mikko Lehtonen.
4:21 of 1st period - Stopped by Olivier Roy without a rebound.
4:22 of 1st period - Vladislav Namestnikov wins face-off versus Louis Leblanc in Royaux zone.
4:27 of 1st period - Wrist shot by Sonny Milano.
4:27 of 1st period - Stopped by Ilya Samsonov without a rebound.
4:28 of 1st period - Mark Jankowski wins face-off versus Sonny Milano in Condors zone.
4:39 of 1st period - Wrist shot by Daniel Zaar.
4:39 of 1st period - Shot Misses the Net.
5:18 of 1st period - Backhand shot by Rourke Chartier.
5:18 of 1st period - Deflect By Mathieu Joseph.
5:18 of 1st period - Stopped by Ilya Samsonov with a rebound.
5:35 of 1st period - Minor Penalty to Brett Lernout for Tripping.
5:36 of 1st period - Tyler Bozak wins face-off versus Dylan Larkin in Condors zone.
5:42 of 1st period - Icing by Jordie Benn.
5:43 of 1st period - Dylan Larkin wins face-off versus Tyler Bozak in Royaux zone.
6:32 of 1st period - Nail Yakupov is hit by Tye McGinn and loses puck.
7:35 of 1st period - Penalty to Brett Lernout is over, Brett Lernout is back on ice.
7:47 of 1st period - Wrist shot by Danny Kristo.
7:47 of 1st period - Shot Blocked by Brett Lernout.
7:49 of 1st period - Slapshot by Danny Kristo.
7:49 of 1st period - Stopped by Ilya Samsonov without a rebound.
7:50 of 1st period - Louis Leblanc wins face-off versus Rourke Chartier in Condors zone.
7:50 of 1st period - Louis Leblanc is hit by Rourke Chartier.
8:27 of 1st period - Tyler Bozak is hit by Jordie Benn and loses puck.
8:42 of 1st period - Snap shot by Daniel Zaar.
8:42 of 1st period - Stopped by Olivier Roy with a rebound.
8:44 of 1st period - Snap shot by Mark Jankowski.
8:44 of 1st period - Stopped by Olivier Roy with a rebound.
8:46 of 1st period - Wrist shot by Zac Leslie.
8:46 of 1st period - Stopped by Olivier Roy without a rebound.
8:47 of 1st period - Frederik Gauthier wins face-off versus Dylan Larkin in Royaux zone.
8:48 of 1st period - Wrist shot by Nail Yakupov.
8:48 of 1st period - Goal by Nail Yakupov - Condors : 1 - Royaux : 0.
8:49 of 1st period - Nail Yakupov wins face-off versus Dylan Larkin in neutral zone.
9:24 of 1st period - Wrist shot by Anton Slepyshev.
9:24 of 1st period - Stopped by Olivier Roy without a rebound.
9:25 of 1st period - Mathew Barzal wins face-off versus Mark Jankowski in Royaux zone.
9:40 of 1st period - Snap shot by Tye McGinn.
9:40 of 1st period - Shot Misses the Net.
9:52 of 1st period - Snap shot by Dylan Larkin.
9:52 of 1st period - Shot Misses the Net.
9:54 of 1st period - Wrist shot by Brandon Pirri.
9:54 of 1st period - Goal by Brandon Pirri - Condors : 1 - Royaux : 1.
9:55 of 1st period - Frederik Gauthier wins face-off versus Dylan Larkin in neutral zone.
10:04 of 1st period - Off-side.
10:05 of 1st period - Frederik Gauthier wins face-off versus Dylan Larkin in neutral zone.
10:14 of 1st period - Snap shot by Frederik Gauthier.
10:14 of 1st period - Shot Misses the Net.
10:18 of 1st period - Wrist shot by Nail Yakupov.
10:18 of 1st period - Shot Misses the Net.
10:28 of 1st period - Wrist shot by Nail Yakupov.
10:28 of 1st period - Goal by Nail Yakupov - Condors : 2 - Royaux : 1.
10:29 of 1st period - Dylan Larkin wins face-off versus Tyler Bozak in neutral zone.
10:40 of 1st period - Snap shot by Dylan Larkin.
10:40 of 1st period - Shot Misses the Net.
10:42 of 1st period - Slapshot by Simon Despres.
10:42 of 1st period - Deflect By Tyler Bozak.
10:42 of 1st period - Stopped by Ilya Samsonov with a rebound.
10:44 of 1st period - Snap shot by Pavel Buchnevich.
10:44 of 1st period - Deflect By Brandon Pirri.
10:44 of 1st period - Shot Blocked by Anton Slepyshev.
10:44 of 1st period - Puck is out of play.
10:45 of 1st period - Frederik Gauthier wins face-off versus Mathew Barzal in Condors zone.
11:16 of 1st period - Slapshot by Anton Slepyshev.
11:16 of 1st period - Shot Hit the Post.
11:40 of 1st period - Slapshot by Vladislav Namestnikov.
11:40 of 1st period - Stopped by Ilya Samsonov without a rebound.
11:41 of 1st period - Mathew Barzal wins face-off versus Tyler Bozak in Condors zone.
11:48 of 1st period - Jordie Benn is hit by Tyler Bozak and loses puck.
12:03 of 1st period - Minor Penalty to Kasperi Kapanen for Tripping.
12:04 of 1st period - Pavel Buchnevich wins face-off versus Tyler Bozak in Condors zone.
12:05 of 1st period - Wrist shot by Dylan Larkin.
12:05 of 1st period - Shot Misses the Net.
12:07 of 1st period - Snap shot by Tye McGinn.
12:07 of 1st period - Stopped by Ilya Samsonov without a rebound.
12:08 of 1st period - Dylan Larkin wins face-off versus Tyler Bozak in Condors zone.
12:09 of 1st period - Snap shot by Tye McGinn.
12:09 of 1st period - Stopped by Ilya Samsonov with a rebound.
12:11 of 1st period - Snap shot by Tye McGinn.
12:11 of 1st period - Shot Blocked by Tyler Bozak.
13:31 of 1st period - Wrist shot by Frederik Gauthier.
13:31 of 1st period - Stopped by Olivier Roy with a rebound.
14:03 of 1st period - Penalty to Kasperi Kapanen is over, Kasperi Kapanen is back on ice.
14:20 of 1st period - Louis Leblanc is hit by Phil Oreskovic and loses puck.
14:43 of 1st period - Simon Despres is hit by Nail Yakupov and loses puck.
14:56 of 1st period - Ryan Pulock is hit by Kasperi Kapanen and loses puck.
15:30 of 1st period - Snap shot by Alex Tuch.
15:30 of 1st period - Shot Misses the Net.
15:32 of 1st period - Slapshot by Chris Bigras.
15:32 of 1st period - Stopped by Olivier Roy without a rebound.
15:33 of 1st period - Dylan Larkin wins face-off versus Frederik Gauthier in Royaux zone.
15:52 of 1st period - Ben Hanowski is hit by Mark Jankowski and loses puck.
15:59 of 1st period - Zac Leslie is hit by Tye McGinn and loses puck.
16:16 of 1st period - Danny Kristo is hit by Tyler Bozak and loses puck.
16:21 of 1st period - Snap shot by Anton Slepyshev.
16:21 of 1st period - Shot Misses the Net.
16:23 of 1st period - Slapshot by Chris Bigras.
16:23 of 1st period - Shot Misses the Net.
16:58 of 1st period - Slapshot by Brandon Pirri.
16:58 of 1st period - Stopped by Ilya Samsonov without a rebound.
16:59 of 1st period - Tyler Bozak wins face-off versus Dylan Larkin in Condors zone.
17:01 of 1st period - Minor Penalty to Tyler Bozak for Hooking.
17:02 of 1st period - Dylan Larkin wins face-off versus Daniel Zaar in Condors zone.
17:02 of 1st period - Snap shot by Tye McGinn.
17:02 of 1st period - Shot Misses the Net.
17:04 of 1st period - Slapshot by Phil Oreskovic.
17:04 of 1st period - Shot Misses the Net.
17:06 of 1st period - Slapshot by Travis Sanheim.
17:06 of 1st period - Shot Blocked by Eric Gustafsson.
17:08 of 1st period - Slapshot by Dylan Larkin.
17:08 of 1st period - Goal by Dylan Larkin - Condors : 2 - Royaux : 2.
17:09 of 1st period - Tyler Bozak wins face-off versus Dylan Larkin in neutral zone.
17:12 of 1st period - Snap shot by Anton Slepyshev.
17:12 of 1st period - Shot Blocked by Travis Sanheim.
17:46 of 1st period - Snap shot by Frederik Gauthier.
17:46 of 1st period - Shot Blocked by Sonny Milano.
17:55 of 1st period - Off-side.
17:56 of 1st period - Tye McGinn wins face-off versus Mark Jankowski in neutral zone.
18:10 of 1st period - Minor Penalty to Andrew Mangiapane for Holding.
18:11 of 1st period - Dylan Larkin wins face-off versus Tyler Bozak in Condors zone.
18:41 of 1st period - Eric Gustafsson is hit by Jordie Benn and loses puck.
Goals for this period are 2 for Condors vs 2 for Royaux.
Shots for this period are 11 for Condors vs 15 for Royaux.
2nd period
0:01 of 2nd period - Dylan Larkin wins face-off versus Tyler Bozak in neutral zone.
0:04 of 2nd period - Snap shot by Tye McGinn.
0:04 of 2nd period - Shot Blocked by Zac Leslie.
0:10 of 2nd period - Penalty to Andrew Mangiapane is over, Andrew Mangiapane is back on ice.
0:37 of 2nd period - Snap shot by Danny Kristo.
0:37 of 2nd period - Shot Blocked by C.J Suess.
0:39 of 2nd period - Slapshot by Danny Kristo.
0:39 of 2nd period - Stopped by Ilya Samsonov without a rebound.
0:40 of 2nd period - Mathew Barzal wins face-off versus Tyler Bozak in Condors zone.
0:47 of 2nd period - Snap shot by Tye McGinn.
0:47 of 2nd period - Stopped by Ilya Samsonov with a rebound.
1:05 of 2nd period - Dylan Larkin is hit by Nail Yakupov.
1:13 of 2nd period - Wrist shot by Alex Tuch.
1:13 of 2nd period - Shot Misses the Net.
1:15 of 2nd period - Slapshot by Frederik Gauthier.
1:15 of 2nd period - Shot Misses the Net.
1:52 of 2nd period - Slapshot by Eric Gustafsson.
1:52 of 2nd period - Shot Blocked by Brendan Woods.
1:54 of 2nd period - Slapshot by Carl Gunnarsson.
1:54 of 2nd period - Shot Misses the Net.
2:33 of 2nd period - Wrist shot by Dylan Larkin.
2:33 of 2nd period - Goal by Dylan Larkin - Condors : 2 - Royaux : 3.
2:34 of 2nd period - Dylan Larkin wins face-off versus Tyler Bozak in neutral zone.
3:23 of 2nd period - Danny Kristo is hit by Carl Gunnarsson.
3:43 of 2nd period - Mark Jankowski is hit by Rourke Chartier and loses puck.
4:15 of 2nd period - Chris Bigras is hit by Brandon Pirri.
4:35 of 2nd period - Simon Despres is hit by Frederik Gauthier and loses puck.
5:14 of 2nd period - Slapshot by Marcus Pettersson.
5:14 of 2nd period - Shot Misses the Net.
5:16 of 2nd period - Backhand shot by Jordie Benn.
5:16 of 2nd period - Shot Misses the Net.
5:30 of 2nd period - Snap shot by Anton Slepyshev.
5:30 of 2nd period - Stopped by Olivier Roy without a rebound.
5:31 of 2nd period - Tyler Bozak wins face-off versus Dylan Larkin in Royaux zone.
6:47 of 2nd period - Snap shot by Kasperi Kapanen.
6:47 of 2nd period - Shot Hit the Post.
6:55 of 2nd period - Eric Gustafsson is hit by Mathieu Joseph and loses puck.
7:19 of 2nd period - Off-side.
7:20 of 2nd period - Mark Jankowski wins face-off versus Mathew Barzal in neutral zone.
7:45 of 2nd period - Chris Bigras is hit by Pavel Buchnevich and loses puck.
8:22 of 2nd period - Snap shot by C.J Suess.
8:22 of 2nd period - Stopped by Olivier Roy with a rebound.
8:24 of 2nd period - Wrist shot by Mikko Lehtonen.
8:24 of 2nd period - Stopped by Olivier Roy without a rebound.
8:25 of 2nd period - Rourke Chartier wins face-off versus Louis Leblanc in Royaux zone.
8:36 of 2nd period - Wrist shot by Mikko Lehtonen.
8:36 of 2nd period - Stopped by Olivier Roy with a rebound.
8:38 of 2nd period - Slapshot by Eric Gustafsson.
8:38 of 2nd period - Shot Misses the Net.
9:10 of 2nd period - Snap shot by Nail Yakupov.
9:10 of 2nd period - Stopped by Olivier Roy without a rebound.
9:11 of 2nd period - Frederik Gauthier wins face-off versus Mathew Barzal in Royaux zone.
9:14 of 2nd period - Slapshot by Frederik Gauthier.
9:14 of 2nd period - Stopped by Olivier Roy without a rebound.
9:15 of 2nd period - Frederik Gauthier wins face-off versus Dylan Larkin in Royaux zone.
9:21 of 2nd period - Minor Penalty to Brandon Pirri for Hooking.
9:22 of 2nd period - Danny Kristo wins face-off versus Nail Yakupov in Royaux zone.
9:48 of 2nd period - Jordie Benn is hit by Zac Leslie and loses puck.
9:55 of 2nd period - Wrist shot by Frederik Gauthier.
9:55 of 2nd period - Shot Blocked by Simon Despres.
9:57 of 2nd period - Wrist shot by Kasperi Kapanen.
9:57 of 2nd period - Shot Blocked by Simon Despres.
10:24 of 2nd period - Simon Despres is hit by Nail Yakupov and loses puck.
11:21 of 2nd period - Penalty to Brandon Pirri is over, Brandon Pirri is back on ice.
11:33 of 2nd period - Slapshot by Marcus Pettersson.
11:33 of 2nd period - Stopped by Ilya Samsonov without a rebound.
11:34 of 2nd period - Dylan Larkin wins face-off versus Andrew Mangiapane in Condors zone.
11:35 of 2nd period - Wrist shot by Pavel Buchnevich.
11:35 of 2nd period - Stopped by Ilya Samsonov with a rebound.
11:50 of 2nd period - Snap shot by Mark Jankowski.
11:50 of 2nd period - Shot Blocked by Brandon Pirri.
12:00 of 2nd period - Brett Lernout is hit by Rourke Chartier.
12:10 of 2nd period - Slapshot by Brett Lernout.
12:10 of 2nd period - Stopped by Olivier Roy with a rebound.
12:20 of 2nd period - Brett Lernout is hit by Ben Hanowski and loses puck.
13:12 of 2nd period - Snap shot by Brendan Woods.
13:12 of 2nd period - Stopped by Ilya Samsonov with a rebound.
13:50 of 2nd period - Louis Leblanc is hit by Vladislav Namestnikov and loses puck.
14:22 of 2nd period - Minor Penalty to Kasperi Kapanen for Tripping.
14:23 of 2nd period - Tye McGinn wins face-off versus Tyler Bozak in Condors zone.
14:49 of 2nd period - Carl Gunnarsson is hit by Ben Hanowski.
15:49 of 2nd period - Dylan Larkin is hit by Eric Gustafsson and loses puck.
16:22 of 2nd period - Penalty to Kasperi Kapanen is over, Kasperi Kapanen is back on ice.
16:27 of 2nd period - Kasperi Kapanen is hit by Mathieu Joseph and loses puck.
17:00 of 2nd period - Slapshot by Kasperi Kapanen.
17:00 of 2nd period - Shot Misses the Net.
17:14 of 2nd period - Snap shot by Louis Leblanc.
17:14 of 2nd period - Shot Blocked by Marcus Pettersson.
17:41 of 2nd period - Icing by Brett Lernout.
17:42 of 2nd period - Frederik Gauthier wins face-off versus Rourke Chartier in Condors zone.
17:47 of 2nd period - Slapshot by Brendan Woods.
17:47 of 2nd period - Shot Misses the Net.
17:50 of 2nd period - Icing by Gustav Olofsson.
17:51 of 2nd period - Louis Leblanc wins face-off versus Dylan Larkin in Condors zone.
17:58 of 2nd period - Wrist shot by Brandon Pirri.
17:58 of 2nd period - Shot Blocked by Mikko Lehtonen.
18:00 of 2nd period - Slapshot by Travis Sanheim.
18:00 of 2nd period - Deflect By Mikko Lehtonen.
18:00 of 2nd period - Stopped by Ilya Samsonov without a rebound.
18:01 of 2nd period - Tyler Bozak wins face-off versus Dylan Larkin in Condors zone.
18:24 of 2nd period - Slapshot by Brandon Pirri.
18:24 of 2nd period - Shot Blocked by Kasperi Kapanen.
18:26 of 2nd period - Snap shot by Brandon Pirri.
18:26 of 2nd period - Goal by Brandon Pirri - Condors : 2 - Royaux : 4.
18:27 of 2nd period - Tyler Bozak wins face-off versus Dylan Larkin in neutral zone.
18:52 of 2nd period - Ben Hanowski is hit by Frederik Gauthier.
19:18 of 2nd period - Slapshot by Marcus Pettersson.
19:18 of 2nd period - Shot Misses the Net.
19:20 of 2nd period - Snap shot by Vladislav Namestnikov.
19:20 of 2nd period - Deflect By Danny Kristo.
19:20 of 2nd period - Stopped by Ilya Samsonov with a rebound.
19:22 of 2nd period - Slapshot by Vladislav Namestnikov.
19:22 of 2nd period - Stopped by Ilya Samsonov without a rebound.
19:23 of 2nd period - Pavel Buchnevich wins face-off versus Tyler Bozak in Condors zone.
19:49 of 2nd period - Nail Yakupov is hit by Tye McGinn and loses puck.
19:58 of 2nd period - Wrist shot by Ben Hanowski.
19:58 of 2nd period - Stopped by Ilya Samsonov without a rebound.
19:59 of 2nd period - Dylan Larkin wins face-off versus Tyler Bozak in Condors zone.
Goals for this period are 0 for Condors vs 2 for Royaux.
Shots for this period are 7 for Condors vs 11 for Royaux.
3rd period
0:01 of 3rd period - Anton Slepyshev wins face-off versus Dylan Larkin in neutral zone.
0:38 of 3rd period - Backhand shot by Tye McGinn.
0:38 of 3rd period - Shot Misses the Net.
0:50 of 3rd period - Wrist shot by Danny Kristo.
0:50 of 3rd period - Stopped by Ilya Samsonov with a rebound.
0:52 of 3rd period - Wrist shot by Sonny Milano.
0:52 of 3rd period - Stopped by Ilya Samsonov with a rebound.
0:54 of 3rd period - Slapshot by Sonny Milano.
0:54 of 3rd period - Stopped by Ilya Samsonov without a rebound.
0:55 of 3rd period - Mark Jankowski wins face-off versus Dylan Larkin in Condors zone.
1:10 of 3rd period - Mark Jankowski is hit by Dylan Larkin and loses puck.
2:11 of 3rd period - Slapshot by Brendan Woods.
2:11 of 3rd period - Shot Blocked by Zac Leslie.
3:37 of 3rd period - Icing by Danny Kristo.
3:38 of 3rd period - Vladislav Namestnikov wins face-off versus Mark Jankowski in Royaux zone.
4:06 of 3rd period - Snap shot by Tyler Bozak.
4:06 of 3rd period - Shot Misses the Net.
4:33 of 3rd period - Wrist shot by Alex Tuch.
4:33 of 3rd period - Stopped by Olivier Roy without a rebound.
4:34 of 3rd period - Dylan Larkin wins face-off versus Tyler Bozak in Royaux zone.
4:34 of 3rd period - Dylan Larkin is hit by Kasperi Kapanen.
4:41 of 3rd period - Wrist shot by Anton Slepyshev.
4:41 of 3rd period - Shot Misses the Net.
4:43 of 3rd period - Snap shot by Kasperi Kapanen.
4:43 of 3rd period - Shot Misses the Net.
4:45 of 3rd period - Snap shot by Anton Slepyshev.
4:45 of 3rd period - Stopped by Olivier Roy without a rebound.
4:46 of 3rd period - Tyler Bozak wins face-off versus Dylan Larkin in Royaux zone.
4:47 of 3rd period - Slapshot by Anton Slepyshev.
4:47 of 3rd period - Stopped by Olivier Roy without a rebound.
4:48 of 3rd period - Kasperi Kapanen wins face-off versus Dylan Larkin in Royaux zone.
4:59 of 3rd period - Wrist shot by Pavel Buchnevich.
4:59 of 3rd period - Deflect By Kasperi Kapanen.
4:59 of 3rd period - Shot Hit the Post.
4:59 of 3rd period - Puck is out of play.
5:00 of 3rd period - Dylan Larkin wins face-off versus Tyler Bozak in Condors zone.
6:07 of 3rd period - Daniel Zaar is hit by Mathew Barzal and loses puck.
7:02 of 3rd period - Snap shot by Mathew Barzal.
7:02 of 3rd period - Shot Misses the Net.
7:04 of 3rd period - Snap shot by Tye McGinn.
7:04 of 3rd period - Shot Blocked by Gustav Olofsson.
7:06 of 3rd period - Slapshot by Phil Oreskovic.
7:06 of 3rd period - Stopped by Ilya Samsonov without a rebound.
7:07 of 3rd period - Dylan Larkin wins face-off versus Tyler Bozak in Condors zone.
7:35 of 3rd period - Minor Penalty to Nail Yakupov for Tripping.
7:36 of 3rd period - Tyler Bozak wins face-off versus Dylan Larkin in Condors zone.
8:16 of 3rd period - Tyler Bozak is hit by Brandon Pirri.
8:26 of 3rd period - Icing by Jordie Benn.
8:27 of 3rd period - Sonny Milano wins face-off versus Frederik Gauthier in Royaux zone.
9:35 of 3rd period - Penalty to Nail Yakupov is over, Nail Yakupov is back on ice.
9:56 of 3rd period - Icing by Gustav Olofsson.
9:57 of 3rd period - Frederik Gauthier wins face-off versus Vladislav Namestnikov in Condors zone.
9:59 of 3rd period - Icing by Nail Yakupov.
10:00 of 3rd period - Frederik Gauthier wins face-off versus Vladislav Namestnikov in Condors zone.
10:49 of 3rd period - Tye McGinn is hit by Alex Tuch and loses puck.
11:04 of 3rd period - Wrist shot by Nail Yakupov.
11:04 of 3rd period - Stopped by Olivier Roy with a rebound.
11:06 of 3rd period - Snap shot by Frederik Gauthier.
11:06 of 3rd period - Shot Misses the Net.
11:12 of 3rd period - Wrist shot by Frederik Gauthier.
11:12 of 3rd period - Shot Misses the Net.
11:14 of 3rd period - Snap shot by Nail Yakupov.
11:14 of 3rd period - Goal by Nail Yakupov - Condors : 3 - Royaux : 4.
11:15 of 3rd period - Tyler Bozak wins face-off versus Dylan Larkin in neutral zone.
11:18 of 3rd period - Slapshot by Eric Gustafsson.
11:18 of 3rd period - Shot Misses the Net.
11:24 of 3rd period - Snap shot by Anton Slepyshev.
11:24 of 3rd period - Shot Blocked by Simon Despres.
11:49 of 3rd period - Slapshot by Mark Jankowski.
11:49 of 3rd period - Stopped by Olivier Roy with a rebound.
12:05 of 3rd period - Chris Bigras is hit by Vladislav Namestnikov and loses puck.
12:34 of 3rd period - Mathieu Joseph is hit by Mark Jankowski and loses puck.
12:51 of 3rd period - Snap shot by Nail Yakupov.
12:51 of 3rd period - Stopped by Olivier Roy without a rebound.
12:52 of 3rd period - Nail Yakupov wins face-off versus Mathew Barzal in Royaux zone.
13:03 of 3rd period - Wrist shot by Nail Yakupov.
13:03 of 3rd period - Shot Blocked by Ryan Pulock.
13:05 of 3rd period - Slapshot by Carl Gunnarsson.
13:05 of 3rd period - Stopped by Olivier Roy with a rebound.
13:42 of 3rd period - Wrist shot by Mikko Lehtonen.
13:42 of 3rd period - Shot Blocked by Tye McGinn.
13:44 of 3rd period - Wrist shot by Mikko Lehtonen.
13:44 of 3rd period - Stopped by Olivier Roy with a rebound.
13:46 of 3rd period - Slapshot by Chris Bigras.
13:46 of 3rd period - Shot Misses the Net.
13:48 of 3rd period - Slapshot by Chris Bigras.
13:48 of 3rd period - Shot Blocked by Mathew Barzal.
13:50 of 3rd period - Wrist shot by Mikko Lehtonen.
13:50 of 3rd period - Deflect By Louis Leblanc.
13:50 of 3rd period - Shot Misses the Net.
13:50 of 3rd period - Puck is out of play.
13:51 of 3rd period - Kasperi Kapanen wins face-off versus Dylan Larkin in Royaux zone.
14:22 of 3rd period - Danny Kristo is hit by Alex Tuch and loses puck.
15:34 of 3rd period - Snap shot by Daniel Zaar.
15:34 of 3rd period - Shot Blocked by Brendan Woods.
15:48 of 3rd period - Slapshot by Eric Gustafsson.
15:48 of 3rd period - Shot Blocked by Marcus Pettersson.
15:50 of 3rd period - Slapshot by Eric Gustafsson.
15:50 of 3rd period - Stopped by Olivier Roy with a rebound.
15:52 of 3rd period - Snap shot by Mark Jankowski.
15:52 of 3rd period - Stopped by Olivier Roy with a rebound.
15:54 of 3rd period - Wrist shot by Daniel Zaar.
15:54 of 3rd period - Stopped by Olivier Roy without a rebound.
15:55 of 3rd period - Sonny Milano wins face-off versus Tyler Bozak in Royaux zone.
16:00 of 3rd period - Slapshot by Simon Despres.
16:00 of 3rd period - Stopped by Ilya Samsonov without a rebound.
16:01 of 3rd period - Kasperi Kapanen wins face-off versus Vladislav Namestnikov in Condors zone.
16:03 of 3rd period - Icing by Tyler Bozak.
16:04 of 3rd period - Tyler Bozak wins face-off versus Vladislav Namestnikov in Condors zone.
16:17 of 3rd period - Slapshot by Travis Sanheim.
16:17 of 3rd period - Shot Blocked by Zac Leslie.
16:19 of 3rd period - Slapshot by Travis Sanheim.
16:19 of 3rd period - Stopped by Ilya Samsonov with a rebound.
16:21 of 3rd period - Snap shot by Vladislav Namestnikov.
16:21 of 3rd period - Shot Blocked by Chris Bigras.
16:25 of 3rd period - Wrist shot by Danny Kristo.
16:25 of 3rd period - Stopped by Ilya Samsonov with a rebound.
16:27 of 3rd period - Snap shot by Vladislav Namestnikov.
16:27 of 3rd period - Stopped by Ilya Samsonov without a rebound.
16:28 of 3rd period - Frederik Gauthier wins face-off versus Brandon Pirri in Condors zone.
17:12 of 3rd period - Snap shot by Danny Kristo.
17:12 of 3rd period - Shot Misses the Net.
17:14 of 3rd period - Snap shot by Phil Oreskovic.
17:14 of 3rd period - Shot Blocked by Daniel Zaar.
17:37 of 3rd period - Wrist shot by Ben Hanowski.
17:37 of 3rd period - Stopped by Ilya Samsonov with a rebound.
18:17 of 3rd period - Slapshot by Louis Leblanc.
18:17 of 3rd period - Shot Misses the Net.
18:19 of 3rd period - Snap shot by Carl Gunnarsson.
18:19 of 3rd period - Stopped by Olivier Roy without a rebound.
18:20 of 3rd period - Mark Jankowski wins face-off versus Vladislav Namestnikov in Royaux zone.
18:50 of 3rd period - Condors, Ilya Samsonov is pulled from the net.
19:10 of 3rd period - Slapshot by Nail Yakupov.
19:10 of 3rd period - Shot Misses the Net.
19:20 of 3rd period - Snap shot by Tyler Bozak.
19:20 of 3rd period - Shot Blocked by Brendan Woods.
19:22 of 3rd period - Snap shot by Nail Yakupov.
19:22 of 3rd period - Stopped by Olivier Roy without a rebound.
19:23 of 3rd period - Todd McLellan call a timeout for Condors.
19:23 of 3rd period - Tye McGinn wins face-off versus Tyler Bozak in Royaux zone.
19:35 of 3rd period - Off-side.
19:36 of 3rd period - Tyler Bozak wins face-off versus Tye McGinn in neutral zone.
19:53 of 3rd period - Snap shot by Anton Slepyshev.
19:53 of 3rd period - Shot Misses the Net.
19:57 of 3rd period - Wrist shot by Nail Yakupov.
19:57 of 3rd period - Stopped by Olivier Roy without a rebound.
19:58 of 3rd period - Tyler Bozak wins face-off versus Tye McGinn in Royaux zone.
Goals for this period are 1 for Condors vs 0 for Royaux.
Shots for this period are 15 for Condors vs 9 for Royaux.